 Dungeon Crawl Stone Soup version 0.24.0-13-gcf9b3192b9 (webtiles) character file.

Game seed: 7794437640747873247, levelgen mode: deterministic

1452 Descartes the Insei (level 8, -3/39 HPs)
             Began as a Vine Stalker Transmuter on Nov 7, 2019.
             Was a Believer of Dithmenos.
             Slain by a two-headed ogre
             ... wielding a +0 giant spiked club
              (8 damage)
             ... on level 7 of the Dungeon.
             The game lasted 00:13:20 (6487 turns).

Descartes the Insei (Vine Stalker Transmuter)       Turns: 6487, Time: 00:13:20

Health: -3/39      AC:  6    Str: 13    XL:     8   Next: 75%
Magic:  0/14       EV: 11    Int: 15    God:    Dithmenos [**....]
Gold:   276        SH:  7    Dex: 15    Spells: 4/14 levels left

rFire    . . .     SeeInvis .   r - +0 rapier
rCold    . . .     Gourm    .   z - +0 buckler
rNeg     . . .     Faith    .   f - +0 ring mail
rPois    .         Spirit   +   (no helmet)
rElec    .         Reflect  +   (no cloak)
rCorr    .         Harm     .   (no gloves)
MR       +....                  P - +0 pair of boots
Stlth    ++++......             A - +2 amulet of reflection
HPRegen  0.53/turn              C - ring of stealth
MPRegen  0.14/turn              E - +5 ring of slaying

@: wreathed by umbra
A: fangs 3, regeneration 1, magic shield, antimagic bite, no potion heal 3, rot
immunity
a: Shadow Step, Renounce Religion


You were on level 7 of the Dungeon.
You worshipped Dithmenos.
Dithmenos was pleased with you.
You were not hungry.

You visited 2 branches of the dungeon, and saw 8 of its levels.

You collected 276 gold pieces.

Inventory:

Hand Weapons
 i - a +0 dagger
 r - a +0 rapier (weapon)
 t - a +0 hunting sling
 v - a +2 flail of protection
 L - a +1 dagger of holy wrath
 N - a +3 halberd
 R - a +2 great sword of freezing
Missiles
 a - 60 arrows
 g - 194 stones (quivered)
 l - 75 sling bullets
 o - 3 throwing nets
 w - 5 boomerangs
 M - 8 poisoned darts
 Q - 3 javelins
Armour
 b - a +0 robe
 f - a +0 ring mail (worn)
 z - a +0 buckler (worn)
 P - a +0 pair of boots (worn)
Jewellery
 A - a +2 amulet of reflection (around neck)
 C - a ring of stealth (left hand)
 E - a +5 ring of slaying (right hand)
 G - an uncursed amulet of the gourmand
 J - an uncursed ring of resist corrosion
Wands
 D - a wand of flame (24)
 I - a wand of polymorph (6)
Scrolls
 e - 3 scrolls of amnesia
 h - 4 scrolls of remove curse
 m - 4 scrolls of identify {unknown}
 p - 4 scrolls of teleportation
 s - 2 scrolls of fear {unknown}
 y - a scroll of magic mapping {unknown}
 F - 2 scrolls of fog {unknown}
 K - a scroll of enchant armour {unknown}
 S - a scroll of brand weapon {unknown}
Potions
 c - 2 potions of haste {unknown}
 j - 4 potions of brilliance {unknown}
 k - 2 potions of lignification {unknown}
 n - a potion of invisibility {unknown}
 q - 5 potions of agility {unknown}
 u - a potion of resistance
 x - a potion of curing {unknown}
 B - a potion of flight {unknown}
 O - 2 potions of heal wounds {unknown}
Comestibles
 d - 19 rations


   Skills:
 + Level 2.8 Fighting
 + Level 2.0 Armour
 + Level 2.7 Dodging
 + Level 4.0 Stealth
 * Level 3.2 Shields
 * Level 5.3 Unarmed Combat
 + Level 3.6 Spellcasting
 + Level 2.5 Translocations
 + Level 3.5 Transmutations
 + Level 2.1 Invocations
 + Level 1.8 Evocations


You had 4 spell levels left.
You knew the following spells:

 Your Spells              Type           Power        Failure   Level  Hunger
a - Beastly Appendage     Tmut           ##....       10%         1    None
b - Sticks to Snakes      Tmut           ##......     16%         2    ##.....
c - Blink                 Tloc           N/A          24%         2    ##.....
d - Blade Hands           Tmut           ##........   95%         5    ######.

Your spell library contained the following spells:

 Spells                   Type           Power        Failure   Level  Hunger
 Magic Dart               Conj           #...         41%         1    None
 Spider Form              Tmut/Pois      #.........   54%         3    ###....
 Call Imp                 Summ           #.......     56%         2    ##.....
 Slow                     Hex            #.......     56%         2    ##.....
 Conjure Flame            Conj/Fire      #.......     80%         3    ###....
 Mephitic Cloud           Conj/Pois/Air  #.......     80%         3    ###....
 Ice Form                 Ice/Tmut       #.......     91%         4    ####...


Dungeon Overview and Level Annotations

Branches:
Dungeon (7/15)             Temple (1/1) D:6

Altars:
Ashenzari
Cheibriados
Dithmenos
Elyvilon
Fedhas
Gozag
Kikubaaqudgha
Nemelex Xobeh
Okawaru
Qazlal
Ru
Sif Muna
Trog
Uskayaw
Xom
Yredelemnul
Zin
The Shining One

Annotations:
D:6 1 runed translucent door, DarthUnicorn's ghost, amateur OgSk
D:7 Dowan


Innate Abilities, Weirdness & Mutations

You have razor-sharp teeth.
Your natural rate of healing is unusually fast.
When hurt, damage is shared between your health and your magic reserves.
Your bite disrupts and absorbs the magic of your enemies.
Potions cannot restore your health.
You are immune to rotting.


Message History

Dowan hits you but does no damage.
You puncture Dowan! You bite Dowan.
Dowan's magic leaks into the air.
You drain his magic.
You feel invigorated.
Dowan is almost dead.
Dowan barely misses you.
You puncture the two-headed ogre! You bite the two-headed ogre.
You drain its power.
You feel invigorated.
The two-headed ogre is lightly wounded.
Dowan falters for a moment.
You puncture the two-headed ogre! You bite the two-headed ogre.
You drain its power.
The two-headed ogre is moderately wounded.
The two-headed ogre hits you with a +0 giant spiked club!!
The two-headed ogre hits you with a +0 giant spiked club!
* * * LOW HITPOINT WARNING * * *
You hit the two-headed ogre.
The two-headed ogre is heavily wounded.
You block the two-headed ogre's attack.
The two-headed ogre hits you with a +0 giant spiked club!
You die...

.######.#######.# #.#
####.## ### #.# #......
#.. #+## #.##.## #.#
#...# # #.## ##.# #.....
#.## ###..# #.......
#...
#...[####..........###..
#.....@Oe..............
##..####..........###..
##.# #.......#......
#<## #..... ####### #.##
#...# #.# #+## #. #


You could see a two-headed ogre and Dowan.

Vanquished Creatures
  Duvessa (D:7)
  2 sky beasts
  A necrophage (D:6)
  An ogre (D:5)
  3 wights (D:7)
  2 howler monkeys
  2 crimson imps
  A hound (D:5)
  2 orc priests (D:7)
  3 orc wizards
  2 iguanas (D:4)
  2 gnoll shamans (D:7)
  Terence (D:2)
  4 worker ants
  16 gnolls
  4 adders
  A shadow imp (D:6)
  An adder zombie (D:6)
  2 adder skeletons (D:4)
  4 worms
  A dart slug (D:4)
  5 leopard geckos
  23 orcs
  7 bats
  2 giant cockroaches
  8 goblins
  6 hobgoblins
  6 jackals
  5 quokkas
  4 frilled lizards
  A jackal zombie (D:6)
  6 kobolds
  A quokka zombie (D:5)
  4 rats
134 creatures vanquished.

Vanquished Creatures (others)
  2 withered plants (D:6)
2 creatures vanquished.

Grand Total: 136 creatures vanquished

Notes
Turn   | Place    | Note
-------+----------+-------------------------------------------
     0 | D:1      | Descartes the Vine Stalker Transmuter began the quest for
                  | the Orb.
     0 | D:1      | Reached XP level 1. HP: 9/9 MP: 4/4
   340 | D:1      | Reached skill level 1 in Fighting
   366 | D:1      | Reached XP level 2. HP: 13/14 MP: 6/6
  1472 | D:2      | Learned a level 2 spell: Sticks to Snakes
  1475 | D:2      | Learned a level 2 spell: Blink
  1493 | D:2      | Reached skill level 1 in Stealth
  1635 | D:2      | Reached XP level 3. HP: 16/18 MP: 7/7
  1828 | D:2      | Noticed Terence
  1872 | D:2      | Killed Terence
  2311 | D:3      | Gained mutation: Your natural rate of healing is unusually
                  | fast. [Vine Stalker growth]
  2311 | D:3      | Reached XP level 4. HP: 21/22 MP: 8/8
  2817 | D:3      | Reached skill level 1 in Armour
  2817 | D:3      | Reached XP level 5. HP: 24/25 MP: 9/9
  3177 | D:3      | Reached skill level 1 in Translocations
  3414 | D:4      | Found a shadowy altar of Dithmenos.
  3424 | D:4      | Became a worshipper of Dithmenos the Shadowed
  3671 | D:4      | Found an ancient bone altar of Kikubaaqudgha.
  3674 | D:4      | Found a stormy altar of Qazlal.
  3871 | D:4      | Reached skill level 4 in Unarmed Combat
  3871 | D:4      | Reached XP level 6. HP: 28/30 MP: 8/11
  3889 | D:4      | Found a blossoming altar of Fedhas.
  3914 | D:4      | Reached skill level 1 in Shields
  4105 | D:5      | Entered Level 5 of the Dungeon
  4130 | D:5      | Noticed a sky beast
  4139 | D:5      | Killed a sky beast
  4224 | D:5      | Reached skill level 1 in Invocations
  4224 | D:5      | Reached XP level 7. HP: 35/35 MP: 12/12
  4404 | D:5      | Learned a level 5 spell: Blade Hands
  4438 | D:5      | Reached * piety under Dithmenos
  4797 | D:6      | Reached skill level 1 in Evocations
  5013 | D:6      | Found a blossoming altar of Fedhas.
  5079 | D:6      | Noticed DarthUnicorn's ghost (amateur OgSk)
  5081 | D:6      | Found a runed translucent door.
  5211 | D:6      | Gained mutation: You have razor-sharp teeth. [Vine Stalker
                  | growth]
  5211 | D:6      | Reached XP level 8. HP: 38/39 MP: 11/13
  5495 | D:6      | Found a staircase to the Ecumenical Temple.
  5501 | Temple   | Entered the Ecumenical Temple
  5813 | D:7      | Reached skill level 5 in Unarmed Combat
  5891 | D:7      | Reached ** piety under Dithmenos
  5954 | D:7      | Found a sparkling altar of Nemelex Xobeh.
  6003 | D:7      | Found a glowing silver altar of Zin.
  6137 | D:7      | Found an opulent altar of Gozag.
  6303 | D:7      | Noticed a two-headed ogre
  6470 | D:7      | Noticed Duvessa
  6470 | D:7      | Noticed Dowan
  6483 | D:7      | Killed Duvessa
  6487 | D:7      | Slain by a two-headed ogre

Levels and vault maps discovered:
D:1:      minmay_arrival_radiant_lines, layout_loops_ring, serial_glass,
          glass_columns_b, glass_columns_a
D:2:      layout_rooms, minmay_cut_off, uniq_terence
D:3:      layout_loops_cross, minmay_misc_feat_tower
D:4:      layout_loops_ring, nicolae_dithmenos_through_a_glass_darkly,
          minitemple, fedhas_altar_fruit_tree
D:5:      layout_basic, first_ration
D:6:      layout_loops_cross, lemuel_doored_altar,
          minmay_temple_entry_enclosed_plants, gammafunk_ghost_grave
D:7:      minmay_opposing_rooms, layout_loops_corners, kennysheep_mini_moat,
          marbit_many_paths, nicolae_overflow_crystal_walls, uniq_duvessa
Temple:   minmay_temple_curvy_loop

Skill      XL: |  1  2  3  4  5  6  7  8 |
---------------+-------------------------+-----
Fighting       | 1 2 |  2.8
Stealth        | 1 2 3 4 |  4.0
Armour         | 1 2 |  2.0
Dodging        | 2 |  2.7
Translocations | 1 2 |  2.5
Unarmed Combat | 4 5 |  5.3
Shields        | 1 2 3 |  3.2
Spellcasting   | 3 |  3.6
Transmutations | 3 |  3.5
Invocations    | 1 2 |  2.1
Evocations     | 1 |  1.8

Action                   |  1- 3 |  4- 6 |  7- 9 || total
-------------------------+-------+-------+-------++-------
Melee: Unarmed           |    14 |       |       ||    14
       Bite              |    40 |    72 |    46 ||   158
       Dagger            |   157 |   192 |     7 ||   356
       Punch             |     3 |     5 |       ||     8
       Rapier            |       |    79 |   152 ||   231
  Use: Scroll            |       |     3 |       ||     3
 Stab: Sleeping          |       |     6 |    13 ||    19
  Eat: Chunk             |     4 |     7 |     7 ||    18
Armor: Robe              |     7 |       |       ||     7
       Ring mail         |    48 |    96 |    25 ||   169
Dodge: Dodged            |    88 |   181 |    81 ||   350
Block: Buckler           |       |     8 |    50 ||    58
